 Dungeon Crawl Stone Soup version 0.27.1-33-g824d729ab1 (webtiles) character file.

Game seed: 233901278718056464

239618 demibob the Severer (level 19, -6/153 (183) HPs)
             Began as a Hill Orc Fighter on Dec 10, 2021.
             Was the Champion of Kikubaaqudgha.
             Killed from afar by a halazid warlock (55 damage)
             ... with a ghostly fireball
             ... in the Desolation of Salt.
             The game lasted 01:49:14 (57580 turns).

demibob the Severer (Hill Orc Fighter)             Turns: 57580, Time: 01:49:14

HP:   -6/153 (183)  AC: 31    Str: 23    XL:     19   Next: 75%
MP:   19/19         EV: 15    Int: 11    God:    Kikubaaqudgha [******]
Gold: 3961          SH:  5    Dex: 11    Spells: 14/18 levels left

rFire    . . .     SeeInvis .   b - +6 battleaxe (pain)
rCold    + . .     Faith    .   (shield currently unavailable)
rNeg     . . .     Spirit   .   D - +4 scale mail {rC+}
rPois    .         Reflect  +   c - +2 helmet
rElec    .         Harm     .   J - +2 cloak {Will+}
rCorr    .         Rampage  .   O - +0 pair of gloves
Will     ++...                  m - +1 pair of boots
Stlth    ..........             p - amulet of reflection
HPRegen  0.35/turn              E - +4 ring of evasion
MPRegen  0.16/turn              T - +4 ring of protection

@: mighty, spiked, hasted, studying Stealth, heavily drained, very quick
A: no striking features
}: 1/15 runes: gossamer
a: Renounce Religion, Receive Corpses, Torment


You were in the Desolation of Salt.
You worshipped Kikubaaqudgha.
Kikubaaqudgha was exalted by your worship.
You visited 7 branches of the dungeon, and saw 33 of its levels.
You also visited: Ice Cave and Desolation.

You collected 4019 gold pieces.
You spent 58 gold pieces at shops.


   Skills:
 + Level 19.5 Fighting
 - Level 20.0 Axes
 + Level 18.4 Armour
 - Level 1.6 Dodging
 - Level 3.2 Shields
 + Level 16.3 Necromancy
 - Level 9.8 Evocations


You had 14 spell levels left.
You knew the following spells:

 Your Spells              Type           Power      Damage    Failure   Level
n - Dispel Undead         Necr           35%        3d15      1%          4

Your spell library contained the following spells:

 Spells                   Type           Power      Damage    Failure   Level
 Animate Skeleton         Necr           70%        N/A       1%          1
 Pain                     Necr           100%       1d9       1%          1
 Sublimation of Blood     Necr           17%        N/A       1%          2
 Vampiric Draining        Necr           17%        2d8       1%          3
 Animate Dead             Necr           17%        N/A       1%          4
 Agony                    Necr           35%        N/A       2%          5
 Excruciating Wounds      Necr           17%        N/A       2%          5
 Borgnjor's Vile Clutch   Necr/Erth      8%         N/A       52%         5
 Apportation              Tloc           0%         N/A       54%         1
 Corona                   Hex            0%         N/A       54%         1
 Magic Dart               Conj           0%         1d3       54%         1
 Summon Small Mammal      Summ           0%         N/A       54%         1
 Call Imp                 Summ           0%         N/A       67%         2
 Ensorcelled Hibernation  Hex/Ice        0%         N/A       67%         2
 Searing Ray              Conj           0%         3d3       67%         2
 Call Canine Familiar     Summ           0%         N/A       88%         3
 Dazzling Flash           Conj/Hex       0%         N/A       88%         3
 Frozen Ramparts          Ice            0%         1d2       88%         3
 Mephitic Cloud           Conj/Pois/Air  0%         N/A       88%         3
 Portal Projectile        Hex/Tloc       0%         N/A       88%         3
 Tukima's Dance           Hex            0%         N/A       88%         3
 Airstrike                Air            0%         N/A       99%         4
 Fulminant Prism          Conj/Hex       0%         3d6       99%         4
 Ice Form                 Ice/Tmut       0%         N/A       99%         4
 Iskenderun's Mystic Bla  Conj/Tloc      0%         2d3       99%         4
 Leda's Liquefaction      Hex/Erth       0%         N/A       99%         4
 Petrify                  Tmut/Erth      0%         N/A       99%         4
 Summon Ice Beast         Ice/Summ       0%         N/A       99%         4
 Summon Lightning Spire   Summ/Air       0%         N/A       99%         4
 Fireball                 Conj/Fire      0%         3d3       100%        5
 Iskenderun's Battlesphe  Conj           0%         2d6       100%        5
 Lee's Rapid Deconstruct  Erth           0%         3d5*      100%        5
 Lightning Bolt           Conj/Air       0%         1d11      100%        5
 Metabolic Englaciation   Hex/Ice        0%         N/A       100%        5
 Summon Forest            Summ/Tloc      0%         N/A       100%        5
 Summon Mana Viper        Hex/Summ       0%         N/A       100%        5
 Conjure Ball Lightning   Conj/Air       0%         3x3d6     100%        6
 Eringya's Noxious Bog    Tmut/Pois      0%         N/A       100%        6
 Shadow Creatures         Summ           N/A        N/A       100%        6
 Starburst                Conj/Fire      0%         6d3       100%        6
 Statue Form              Tmut/Erth      0%         N/A       100%        6
 Orb of Destruction       Conj           0%         N/A       100%        7
 Summon Hydra             Summ           0%         N/A       100%        7

Inventory:

Hand Weapons
 a - a +1 war axe of flaming
 b - a +6 battleaxe of pain (weapon)
Missiles
 d - 3 throwing nets {=f}
 t - 7 atropa-tipped darts
 u - 9 curare-tipped darts (quivered) {=f}
Armour
 c - a +2 helmet (worn)
 m - a +1 pair of boots (worn)
 y - a +0 plate armour of fire resistance
 D - a +4 scale mail of cold resistance (worn)
 J - a +2 cloak of willpower (worn)
 O - a +0 pair of gloves (worn)
 S - a scarf of resistance
Jewellery
 f - the ring of Yendor {Fire +Blink rElec Will- rCorr}
   (You took it off a servant of whispers in the Desolation of Salt)

   [ring of fire]

   It enhances your fire magic.
   rF:        It protects you from fire.
   rC:        It makes you vulnerable to cold.
   rElec:     It insulates you from electricity.
   +Blink:    It lets you blink.
   rCorr:     It protects you from acid and corrosion.
   Will:      It decreases your willpower.
 p - an amulet of reflection (around neck)
 C - a ring of protection from cold
 E - a +4 ring of evasion (left hand)
 F - a ring of fire
 P - a ring of poison resistance
 R - a ring of resist corrosion
 T - a +4 ring of protection (right hand)
 Z - a ring of wizardry
Wands
 g - a wand of charming (22)
 w - a wand of digging (12)
 H - a wand of iceblast (39)
 N - a wand of mindburst (10)
 U - a wand of paralysis (22)
 V - a wand of polymorph (13)
 W - a wand of acid (6)
 Y - a wand of flame (64)
Scrolls
 k - 14 scrolls of identify {@r1}
 l - a scroll of enchant armour
 q - a scroll of brand weapon
 G - 2 scrolls of magic mapping
 M - 3 scrolls of holy word
Potions
 e - 4 potions of attraction
 h - 4 potions of magic
 i - 2 potions of cancellation
 j - 2 potions of brilliance
 n - 3 potions of mutation
 o - 4 potions of lignification
 A - a potion of might
 L - 4 potions of flight
 Q - 2 potions of ambrosia
Miscellaneous
 s - a condenser vane (inert)
 z - a phantom mirror (inert)
 I - a piece from Xom's chessboard (15/15)
 K - a box of beasts
 X - a phial of floods

Dungeon Overview and Level Annotations

Branches:
Dungeon (15/15)            Temple (1/1) D:7            Lair (6/6) D:11
  Swamp (3/4) Lair:4       Spider (4/4) Lair:4        Slime (0/5) Lair:5
    Orc (2/2) D:9             Elf (0/3) Orc:2        Vaults (2/5) D:13
 Depths (0/5) D:15          IceCv (visited)         Desolation (1/1)
  Crypt: Vaults:2-3

Altars:
Ashenzari
Cheibriados
Dithmenos
Elyvilon
Fedhas
Gozag
Hepliaklqana
Kikubaaqudgha
Makhleb
Okawaru
Qazlal
Ru
Sif Muna
Trog
Uskayaw
Vehumet
Wu Jian
Xom
Yredelemnul
Zin
The Shining One

Shops:
D:2 (   D:7 *   D:12 (   Orc:1 *   Orc:2 [(:(   Vaults:2 *

Portals:
Trove: D:14 (give +6 demon blade)

Annotations:
D:5 3 runed translucent doors, ces's ghost, amateur GnWn
D:7 2 transporters
Lair:5 exclusion: oklob plant
Spider:3 2 transporters

,,,,,,,,,,,,.......a...######,,,,
.,,,,,,,,........a..8.8######,,,,
..,,,,,*,.......8.8L8p.######,,,,
...,,,,.........8...8..######,,,,
...,,,,...........8....######,,,,
...,,,,.........8.8#...######,,,,
...,,,,.........8..#...######,,,,
...,,,,,,..............######,,,,
...,,,,..##.....@.8....######,,,,
...,,,,................######,,,,
...,,,,........).......#######,,,
...,,,,................#######,,,
...,,,,................#######,,,
...,,,,................#######,,,
...,,,,................#######,,,
..#,,,,................#######,,,
...,,,,................#######,,,


You could see a servant of whispers (summoned, stilling wind), a halazid
warlock, an ironbound convoker, 3 peacekeepers, 8 saltlings and a friendly
peacekeeper (summoned, strong, sheltered, drained).


Message History

As you read the scroll of fog, it crumbles to dust.
The scroll dissolves into smoke.
Okay, then.
Aiming: Phantom Mirror
Press: ? - help, Dir - move target, f - peacekeeper
Aim: a peacekeeper (strong, sheltered from injuries)
You reflect the peacekeeper with the mirror!
The mirror clouds!
Your peacekeeper bites the saltling!
Your peacekeeper claws the saltling.
Okay, then.
Okay, then.
Press: ? - help, v - describe, . - travel
Here: a saltling (summoned, strong)
The floor.
The peacekeeper roars a battlecry!
Your peacekeeper barely misses the saltling.
Your peacekeeper claws the saltling but does no damage.
The saltling hits your peacekeeper but does no damage.
The servant of whispers prays to its god.
The air becomes perfectly still.
You slash the saltling!
The saltling is moderately damaged.
The halazid warlock points at the saltling and mumbles some strange words.
The saltling's animating energy erupts into ghostly fire!
The ghostly flame explodes!
The ghostly fireball engulfs the saltling.
The saltling completely resists.
The ghostly fireball engulfs you!!!
You feel drained.
You die...
Kikubaaqudgha rasps: "You have failed me!
Welcome... death!"

Skill      XL: |  1  2  3  4  5  6  7  8  9 10 11 12 13 14 15 16 17 18 19 |
---------------+----------------------------------------------------------+-----
Axes           | 3 4 5 7 9 11 13 15 16 18 20 | 20.0
Armour         | 4 5 7 9 11 13 15 16 17 18 | 18.4
Necromancy     | 2 5 7 8 9 11 13 14 15 16 | 16.3
Fighting       | 4 7 10 11 12 14 15 17 18 19 | 19.5
Evocations     | 4 9 |  9.8
Dodging        | 1 |  1.6
Shields        | |  3.2

Action                   |  1- 3 |  4- 6 |  7- 9 | 10-12 | 13-15 | 16-18 | 19-21 || total
-------------------------+-------+-------+-------+-------+-------+-------+-------++-------
Melee: War axe           |    79 |   194 |   268 |   604 |   249 |    16 |       ||  1410
       Battleaxe         |       |       |       |       |   798 |  1338 |   251 ||  2387
Throw: Dart              |       |       |     6 |    20 |     7 |       |       ||    33
       Throwing net      |       |       |       |     1 |       |       |       ||     1
 Cast: Dispel Undead     |       |       |       |       |       |    17 |       ||    17
Invok: Brand Weapon With |       |       |       |       |     1 |       |       ||     1
Evoke: Phantom mirror    |       |       |       |     1 |     2 |     3 |     1 ||     7
       Wand              |       |       |       |    11 |     7 |    46 |     4 ||    68
       Condenser vane    |       |       |       |     1 |     4 |     5 |     1 ||    11
       Box of beasts     |       |       |       |       |       |     2 |       ||     2
  Use: Scroll            |     1 |    11 |     8 |     5 |    18 |    10 |     6 ||    59
       Potion            |       |       |     5 |     9 |     7 |     9 |     5 ||    35
 Stab: Invisible         |       |       |       |     1 |     2 |       |       ||     3
       Paralysed         |       |       |       |       |     7 |       |       ||     7
       Confused          |       |       |       |       |       |     2 |       ||     2
       Held in net/web   |       |       |       |       |       |     1 |       ||     1
Armor: Scale mail        |    48 |   105 |    95 |   183 |   463 |   910 |   142 ||  1946
       Plate armour      |       |       |    42 |    46 |       |       |       ||    88
Dodge: Dodged            |    57 |   105 |   103 |   164 |   398 |   570 |   148 ||  1545
Block: Other             |       |       |     5 |    90 |   210 |   252 |    50 ||   607
       Reflection        |       |       |       |       |     3 |     3 |       ||     6

Levels and vault maps discovered:
D:1:      lightli_molten_gateway, layout_rooms,
          ebering_ecumenical_altar_petrified
D:2:      layout_basic, serial_shops, nicolae_lakefront_shop,
          supply_closet_lemuel, kennysheep_generic_room_5
D:3:      layout_loops_cross, nicolae_tso_swordbearing_angel,
          minmay_misc_feat_room, minmay_misc_feat_doors, grunt_decor_resistance,
          minmay_misc_feat_four_crosses, nrook_uturn
D:4:      layout_rooms, general_overflow_altar, minmay_strange_pillars
D:5:      layout_basic, ebering_ghost_rock_garden
D:6:      layout_basic, uniq_eustachio
D:7:      gammafunk_wand_slinger, layout_cave_pools, minmay_temple_entry_wispy,
          grunt_ministairs_7, kennysheep_small_square
D:8:      layout_basic
D:9:      layout_long_grid, grunt_temple_overflow_cloverleaf, orc_0_dummy
D:10:     layout_irregular_city, nicolae_two_hexagons,
          small_chamber_with_monster, uniq_harold
D:11:     kennysheep_windowed_halls, layout_loops_corners,
          erik_lair_orcish_takeover
D:12:     layout_roguey, serial_shops, kennysheep_mini, uniq_azrael
D:13:     layout_long_grid, grunt_vaults_entry_tiered, uniq_maurice, uniq_sonja,
          uniq_kirke, uniq_nessos
D:14:     layout_gridville, nicolae_trove_entry_isolated,
          chequers_hall_statues_wall_a
D:15:     hangedman_depths_entry_try_elsewhere_first, layout_gridville,
          yredelemnul_altar_generic, portal_ice_cave_entry_pillars_1,
          nicolae_ru_path_of_blood, uniq_roxanne
Temple:   regret_index_temple_sphere_string
Lair:1:   layout_cellular_growth, grunt_forest_small_clearing_treed,
          serial_bayou_shore_b
Lair:2:   layout_chaotic_city
Lair:3:   layout_misc_corridors, basic_altar, minivault_11
Lair:4:   layout_concentric_octagons, palyth_hydra_swamp_entry,
          spider_nest_entry_funnel_web, roderic_carrion_pond,
          infiniplex_staircase_pool_2, uniq_rupert
Lair:5:   layout_roguey, nicolae_slime_entry_slimehenge, serial_bayou_shore_b,
          grunt_megastairs_5
Lair:6:   minmay_lair_end_enchanted_forest, layout_hall_layers, st_stairs_8,
          lemuel_fruit_fields
Swamp:1:  layout_basic_swamp, evilmike_swamp_ruin_wall
Swamp:2:  layout_falls_marsh, hangedman_swamp_diagram,
          nicolae_swamp_super_fun_site
Swamp:3:  cheibrodos_swamp_mausoleum, layout_basic_swamp,
          nicolae_swamp_tree_designs
Spider:1: layout_spider_delve
Spider:2: layout_spider_delve
Spider:3: gammafunk_boulding_lane, uniq_arachne, uniq_agnes
Spider:4: johnstein_spider_rune_arachne_lair, spiders_nest_spider_trap
Orc:1:    layout_diamond_mine, guppyfry_orc_lava_fort, uniq_snorg,
          uniq_josephine
Orc:2:    st_orc_open, layout_diamond_mine
Vaults:1: v_misc_13, vaults_dpeg_diagonal, nicolae_vaults_diagonal_hallway_6,
          nicolae_vaults_asterisk, serial_ice_h, ontoclasm_vaults_pinch,
          v_rooms_6, v_misc_19, hangedman_vaults_locks,
          vaults_mumra_minichess_inversion, vaults_mumra_hexcomb,
          layout_vaults_ring
Vaults:2: gammafunk_vaults_ghost_fury_of_okawaru,
          hangedman_vaults_corner_blocks, hangedman_vaults_stream,
          dpeg_vaults_monster_doublerow, v_rooms_5, vaults_room_mumra_shop_pool,
          ontoclasm_vaults_decontamination, nicolae_vaults_mini_display_case,
          layout_vaults_quadrants, serial_shops, nicolae_shop_trees,
          nicolae_shop_stone, nicolae_shop_temple_entry_statues_fountains, shop,
          portal_desolation_entry_ruin
Desolation

Notes
Turn   | Place    | Note
-------+----------+-------------------------------------------
     0 | D:1      | demibob the Hill Orc Fighter began the quest for the Orb.
     0 | D:1      | Reached XP level 1. HP: 19/19 MP: 1/1
    23 | D:1      | Reached skill level 3 in Axes
    71 | D:1      | Reached XP level 2. HP: 26/26 MP: 2/2
   514 | D:1      | Reached skill level 4 in Axes
   517 | D:1      | Reached XP level 3. HP: 29/31 MP: 3/3
   540 | D:1      | Found a faded altar of an unknown god.
   993 | D:2      | Reached skill level 5 in Axes
   993 | D:2      | Reached skill level 4 in Armour
   993 | D:2      | Reached XP level 4. HP: 30/39 MP: 4/4
  2124 | D:2      | Found Poisilin's Weapon Emporium.
  2458 | D:3      | Reached XP level 5. HP: 44/45 MP: 5/5
  2675 | D:3      | Reached skill level 6 in Axes
  2926 | D:3      | Found a glowing golden altar of the Shining One.
  3422 | D:4      | Reached skill level 7 in Axes
  3549 | D:4      | Reached XP level 6. HP: 51/51 MP: 6/6
  3751 | D:4      | Found a broken altar of Ashenzari.
  3939 | D:5      | Entered Level 5 of the Dungeon
  4163 | D:5      | Reached skill level 8 in Axes
  4469 | D:5      | Reached skill level 9 in Axes
  4469 | D:5      | Reached XP level 7. HP: 46/57 MP: 7/7
  4618 | D:5      | Found a runed translucent gate.
  4619 | D:5      | Noticed ces's ghost (amateur GnWn)
  4620 | D:5      | Found a runed translucent gate.
  4624 | D:5      | Found a runed translucent gate.
  5004 | D:5      | Reached skill level 10 in Axes
  5316 | D:6      | Reached skill level 11 in Axes
  5316 | D:6      | Reached XP level 8. HP: 33/64 MP: 8/8
  5636 | D:6      | Reached skill level 12 in Axes
  5747 | D:6      | Noticed Eustachio
  5777 | D:6      | Killed Eustachio
  5796 | D:6      | Identified the +1 leather armour "Nosan" {rC++ Int-2 Dex+4}
  6025 | D:6      | Reached skill level 13 in Axes
  6846 | D:6      | Reached XP level 9. HP: 28/70 MP: 9/9
  7044 | D:7      | Noticed a kobold demonologist
  7044 | D:7      | Noticed a kobold demonologist
  7107 | D:7      | Reached skill level 14 in Axes
  7108 | D:7      | Found a staircase to the Ecumenical Temple.
  7117 | Temple   | Entered the Ecumenical Temple
  7231 | Temple   | Became a worshipper of Kikubaaqudgha
  7557 | D:7      | Found a transporter.
  7608 | D:7      | Found a transporter.
  8184 | D:7      | Reached skill level 15 in Axes
  8391 | D:7      | Found Gawet's General Store.
  9659 | D:9      | Reached skill level 1 in Necromancy
  9662 | D:9      | Reached skill level 4 in Fighting
  9862 | D:9      | Found a staircase to the Orcish Mines.
  9917 | D:9      | Reached * piety under Kikubaaqudgha
  9917 | D:9      | Received a gift from Kikubaaqudgha
 10117 | D:9      | Reached skill level 5 in Armour
 10117 | D:9      | Reached skill level 2 in Necromancy
 10117 | D:9      | Reached XP level 10. HP: 72/80 MP: 10/10
 10270 | D:9      | Found a bloodstained altar of Trog.
 10273 | D:9      | Found an opulent altar of Gozag.
 10276 | D:9      | Found a snail-covered altar of Cheibriados.
 10279 | D:9      | Found a hazy altar of Hepliaklqana.
 10495 | D:10     | Entered Level 10 of the Dungeon
 10504 | D:10     | Reached skill level 16 in Axes
 10593 | D:10     | Reached skill level 5 in Fighting
 10643 | D:10     | Noticed Harold
 10946 | D:10     | Reached skill level 3 in Necromancy
 11287 | D:10     | Paralysed by a hornet for 1 turns
 11291 | D:10     | Paralysed by a hornet for 3 turns
 11541 | D:10     | Reached skill level 6 in Armour
 11580 | D:10     | Reached skill level 6 in Fighting
 11582 | D:10     | Reached skill level 4 in Necromancy
 12157 | D:10     | Killed Harold
 12158 | D:10     | Reached skill level 7 in Fighting
 12158 | D:10     | Reached skill level 7 in Armour
 12158 | D:10     | Reached skill level 5 in Necromancy
 12407 | D:11     | Found a staircase to the Lair.
 12797 | D:11     | Reached XP level 11. HP: 84/92 MP: 11/11
 12858 | D:11     | Noticed a two-headed ogre
 12859 | D:11     | Noticed a two-headed ogre
 12871 | D:11     | Noticed a two-headed ogre
 12885 | D:11     | Killed a two-headed ogre
 12886 | D:11     | Reached skill level 8 in Fighting
 12926 | D:11     | Reached skill level 8 in Armour
 12947 | D:11     | Reached skill level 6 in Necromancy
 13016 | D:11     | Noticed a two-headed ogre
 13027 | D:11     | Killed a two-headed ogre
 13051 | D:11     | Reached ** piety under Kikubaaqudgha
 13298 | D:11     | Reached skill level 9 in Fighting
 13460 | D:11     | Identified the +7 spear of Conservatism {vorpal, Will+
                  | Str+2 Dex+4}
 13528 | D:11     | Killed a two-headed ogre
 13529 | D:11     | Reached skill level 9 in Armour
 13529 | D:11     | Reached skill level 7 in Necromancy
 13536 | D:11     | Killed a two-headed ogre
 13675 | D:11     | Noticed a cyclops
 13689 | D:11     | Killed a cyclops
 13691 | D:11     | Reached skill level 10 in Fighting
 13961 | D:11     | Reached XP level 12. HP: 106/106 MP: 12/12
 13962 | D:11     | Noticed a fire dragon
 14160 | D:11     | Reached skill level 8 in Necromancy
 14484 | D:11     | Reached skill level 10 in Armour
 14669 | D:11     | Identified a potion of resistance
 14739 | D:11     | Killed a fire dragon
 14803 | D:11     | Noticed a two-headed ogre
 15290 | D:11     | Killed a two-headed ogre
 15651 | Lair:1   | Entered Level 1 of the Lair of Beasts
 15700 | D:11     | Reached skill level 11 in Fighting
 16281 | Lair:1   | Reached skill level 1 in Evocations
 16393 | Lair:1   | Reached *** piety under Kikubaaqudgha
 16393 | Lair:1   | Received a gift from Kikubaaqudgha
 16477 | Lair:1   | Reached skill level 2 in Evocations
 17623 | Lair:1   | Reached skill level 11 in Armour
 18043 | Lair:2   | Reached skill level 3 in Evocations
 18304 | Lair:2   | Reached skill level 4 in Evocations
 18698 | Lair:2   | Reached XP level 13. HP: 106/116 MP: 13/13
 18800 | Lair:2   | Reached skill level 5 in Evocations
 19409 | Lair:3   | Identified the +0 whip of Yruruhyr {flame, rElec}
 19577 | Lair:3   | Reached skill level 17 in Axes
 19757 | Lair:3   | Reached skill level 6 in Evocations
 20141 | Lair:3   | Found a glowing silver altar of Zin.
 20813 | Lair:4   | Reached **** piety under Kikubaaqudgha
 20831 | Lair:4   | Reached skill level 7 in Evocations
 21535 | Lair:4   | Noticed Rupert
 21546 | Lair:4   | Killed Rupert
 21547 | Lair:4   | Reached skill level 18 in Axes
 21547 | Lair:4   | Reached skill level 8 in Evocations
 21987 | Lair:4   | Found a staircase to the Swamp.
 22102 | Lair:4   | Found a hole to the Spider Nest.
 22789 | Lair:5   | Reached skill level 9 in Evocations
 22811 | Lair:5   | Reached XP level 14. HP: 124/124 MP: 14/14
 23234 | Lair:5   | Found a staircase to the Slime Pits.
 23423 | Lair:5   | Reached skill level 19 in Axes
 23945 | Lair:6   | Entered Level 6 of the Lair of Beasts
 24582 | Lair:6   | Reached ***** piety under Kikubaaqudgha
 25094 | Lair:6   | Reached skill level 20 in Axes
 25408 | Lair:6   | Reached skill level 9 in Necromancy
 25427 | Lair:6   | Paralysed by a hornet for 3 turns
 26341 | Lair:6   | Reached skill level 12 in Fighting
 27023 | Lair:6   | Identified the +2 ring mail of the Red Cicada {Dex+3}
 27906 | D:12     | Reached XP level 15. HP: 134/134 MP: 15/15
 28000 | D:12     | Reached skill level 12 in Armour
 28115 | D:12     | Reached skill level 10 in Necromancy
 28508 | D:12     | Noticed Azrael
 28604 | Orc:1    | Entered Level 1 of the Orcish Mines
 28614 | Orc:1    | Noticed Snorg
 28623 | Orc:1    | Killed Snorg
 28889 | Orc:1    | Noticed Josephine
 28899 | Orc:1    | Killed Josephine
 28900 | Orc:1    | Reached skill level 13 in Fighting
 29344 | Orc:1    | Found Atoqept's Assorted Antiques.
 29353 | Orc:1    | Bought a scroll labelled JAKHAE DENANTETUE for 29 gold
                  | pieces
 29353 | Orc:1    | Bought a scroll labelled CIRRIC QYXE for 29 gold pieces
 29472 | Orc:2    | Entered Level 2 of the Orcish Mines
 29521 | Orc:2    | Reached ****** piety under Kikubaaqudgha
 29522 | Orc:2    | Identified a +4 battleaxe of pain (a +2 battleaxe of
                  | flaming bloodied by Kikubaaqudgha)
 29522 | Orc:2    | Received a gift from Kikubaaqudgha
 29949 | Orc:2    | Found a staircase to the Elven Halls.
 30000 | Orc:2    | Found Bilisui's Book Boutique.
 30004 | Orc:2    | Found Xauwnibb's Antique Armour Emporium.
 30573 | D:12     | Found Deaqisua's Weapon Emporium.
 30763 | D:12     | Killed Azrael
 30764 | D:12     | Reached skill level 11 in Necromancy
 31441 | D:13     | Reached skill level 13 in Armour
 31626 | Orc:2    | Reached skill level 14 in Fighting
 31804 | Orc:2    | Found Ysuutize's Antique Weapon Emporium.
 31845 | Orc:2    | Found Malloam's Weapon Shoppe.
 32772 | D:13     | Noticed Maurice
 32986 | D:12     | Reached XP level 16. HP: 135/146 MP: 16/16
 33140 | D:13     | Noticed Maurice
 33140 | D:13     | Maurice changed into Maurice the scorpion
 33145 | D:13     | Killed Maurice the scorpion
 33168 | D:13     | Learned a level 4 spell: Dispel Undead
 33345 | D:13     | Found a gate to the Vaults.
 33551 | D:13     | Noticed Kirke
 33559 | D:13     | Killed Kirke
 33560 | D:13     | Reached skill level 12 in Necromancy
 33608 | D:13     | Noticed Sonja
 33609 | D:13     | Killed Sonja
 33625 | D:13     | Reached skill level 14 in Armour
 33902 | D:13     | You fall into a shaft and drop 1 floor!
 33914 | D:14     | Found a portal to a secret trove of treasure.
 34074 | D:13     | Noticed Nessos
 34076 | D:13     | Noticed Nessos
 34076 | D:13     | Nessos changed into Nessos the glowing orange brain
 34085 | D:13     | Killed Nessos the glowing orange brain
 34781 | D:14     | Reached skill level 15 in Fighting
 35817 | D:15     | Entered Level 15 of the Dungeon
 35885 | D:15     | Found a frozen archway.
 35896 | IceCv    | Entered an ice cave
 37314 | IceCv    | Noticed an Ice Fiend
 37329 | IceCv    | Killed an Ice Fiend
 37564 | IceCv    | HP: 13/149 [dire elephant simulacrum (3)]
 37908 | IceCv    | Identified a scarf of resistance
 38450 | D:15     | Noticed Roxanne
 38590 | D:15     | Found a basalt altar of Yredelemnul.
 38611 | D:15     | Found a sacrificial altar of Ru.
 38693 | D:15     | Found a staircase to the Depths.
 39351 | D:15     | Killed Roxanne
 39731 | Swamp:1  | Entered Level 1 of the Swamp
 39731 | Swamp:1  | Noticed a fenstrider witch
 39733 | Swamp:1  | Paralysed by a fenstrider witch for 4 turns
 39743 | Swamp:1  | Killed a fenstrider witch
 39932 | Swamp:1  | Reached skill level 13 in Necromancy
 40352 | Swamp:1  | Reached skill level 15 in Armour
 40352 | Swamp:1  | Reached XP level 17. HP: 83/158 MP: 17/17
 41328 | Swamp:1  | Reached skill level 16 in Fighting
 42703 | Swamp:2  | You fall into a shaft and drop 1 floor!
 44176 | Swamp:3  | HP: 16/160 [spriggan rider (8)]
 46433 | Swamp:3  | Reached skill level 1 in Dodging
 47223 | Spider:1 | Entered Level 1 of the Spider Nest
 47611 | Spider:1 | Reached skill level 17 in Fighting
 47611 | Spider:1 | Reached skill level 16 in Armour
 47793 | Spider:1 | Reached skill level 14 in Necromancy
 48793 | Spider:2 | Reached XP level 18. HP: 165/170 MP: 18/18
 49428 | Spider:3 | Noticed Agnes
 49438 | Spider:3 | Killed Agnes
 49446 | Spider:3 | Noticed Arachne
 49728 | Spider:2 | Killed Arachne
 50734 | Spider:3 | Identified the +1 robe of the Prince of Darkness {Dex+3
                  | Archmagi}
 50950 | Spider:3 | Found a transporter.
 50952 | Spider:3 | Found a transporter.
 51084 | Spider:4 | Entered Level 4 of the Spider Nest
 51612 | Spider:4 | Reached skill level 18 in Fighting
 51818 | Spider:4 | Reached skill level 17 in Armour
 52004 | Spider:4 | Reached skill level 15 in Necromancy
 52351 | Spider:4 | Paralysed by a hornet for 2 turns
 53021 | Spider:4 | Found the +15 Maxwell's patent armour {-Cast -Tele rElec
                  | Will+ rCorr}
 53967 | Spider:4 | Got a gossamer rune of Zot
 54402 | Vaults:1 | Entered Level 1 of the Vaults
 54466 | Vaults:1 | Reached XP level 19. HP: 90/181 MP: 19/19
 55742 | Vaults:1 | Reached skill level 19 in Fighting
 55891 | Vaults:1 | Reached skill level 18 in Armour
 56273 | Vaults:1 | Reached skill level 16 in Necromancy
 56532 | Vaults:2 | Found Acwenol's Assorted Antiques.
 56783 | Vaults:2 | Found a crumbling gateway.
 56792 | Desolati | Entered the Desolation of Salt
 56823 | Desolati | Identified a +0 robe of the Archmagi
 56839 | Desolati | HP: 17/183 [servant of whispers/bolt of lightning (21)]
 57098 | Desolati | Identified the ring of Yendor {Fire +Blink rElec Will-
                  | rCorr}
 57526 | Desolati | Identified the ring of Disaster {rCorr Str-2 Dex+3 Stlth+}
 57563 | Desolati | Identified a +2 robe of resistance
 57574 | Desolati | >>i die here i think
 57580 | Desolati | Killed from afar by a halazid warlock

Vanquished Creatures
  Arachne (Spider:2)
  Rupert (Lair:4)
  An Ice Fiend (IceCv)
  A sphinx (Vaults:1)
  Agnes (Spider:3)
  Roxanne (D:15)
  Kirke (D:13)
  2 fenstrider witches (Swamp:1)
  2 imperial myrmidons (Desolation)
  4 ghost moths
  5 emperor scorpions
  A war gargoyle (Vaults:1)
  An ironbound preserver (Vaults:2)
  2 very ugly things (Vaults:1)
  Azrael (D:12)
  6 bunyips
  2 halazid warlocks (Desolation)
  An entropy weaver (Spider:4)
  3 spark wasps (Spider:4)
  An ettin (Vaults:2)
  Snorg (Orc:1)
  2 eleionomae (Swamp:2)
  Josephine (Orc:1)
  3 crystal guardians
  A fire dragon (D:11)
  A shambling mangrove (Swamp:3)
  3 vault guards (D:13)
  An ironbound thunderhulk (Vaults:1)
  2 servants of whispers (Desolation)
  A yaktaur captain (Vaults:1)
  12 hydras
  A ghost crab (Swamp:1)
  A ragged hierophant (Desolation)
  Harold (D:10)
  2 ogre magi (Orc:2)
  2 peacekeepers (Vaults:1)
  3 ironbound frosthearts (Vaults:1)
  4 boulder beetles
  4 centaur warriors
  An anaconda (shapeshifter) (D:15)
  A death knight (D:14)
  16 two-headed ogres
  A deep troll earth mage (Vaults:1)
  6 alligators
  A death yak (Lair:5)
  2 tengu warriors (D:15)
  3 orc high priests
  An iron troll (Vaults:1)
  Sonja (D:13)
  3 goliath frogs
  11 deep trolls
  A spriggan druid (Swamp:3)
  A death drake (Swamp:3)
  A glowing orange brain (D:13)
  11 bog bodies
  An obsidian statue (IceCv)
  2 swamp dragons (Swamp:2)
  A phantasmal warrior (Swamp:3)
  A lindwurm (Lair:6)
  3 harpies (Vaults:1)
  5 ironbound convokers
  7 wizards
  9 orc knights
  5 goliath frog zombies (Swamp:3)
  A deep elf pyromancer (D:12)
  39 wolf spiders
  16 orb spiders
  A large abomination (Swamp:3)
  15 ugly things
  5 orc sorcerers
  3 will-o-the-wisps
  5 cyclopes
  4 manticores
  19 elephants
  A guardian serpent (shapeshifter) (D:15)
  4 black mambas
  2 vault sentinels (Vaults:1)
  3 torpor snails
  2 unseen horrors
  14 cane toads
  4 gargoyles
  A kobold demonologist (D:11)
  2 yaktaurs (Vaults:1)
  An efreet (D:13)
  11 komodo dragons
  2 rime drakes
  5 freezing wraiths
  4 swamp worm zombies (Swamp:3)
  An anaconda simulacrum (IceCv)
  12 demonic crawlers
  5 entropy weaver simulacra (IceCv)
  4 ice devils (IceCv)
  A golden dragon simulacrum (IceCv)
  8 polar bears
  34 jumping spiders
  12 trolls
  A hornet (shapeshifter) (D:10)
  3 meliai (D:15)
  22 saltlings (Desolation)
  4 tyrant leeches
  24 hornets
  A raiju (shapeshifter) (D:14)
  16 slime creatures
  3 alligator zombies (Swamp:3)
  11 blink frogs
  A centaur simulacrum (D:11)
  2 shadows
  10 spriggan simulacra (IceCv)
  19 spriggans
  4 wyverns
  10 wraiths
  34 yaks
  14 tarantellas
  58 redbacks
  A dire elephant simulacrum (IceCv)
  3 hogs (D:13)
  A fire elemental (D:12)
  Eustachio (D:6)
  A steam dragon (D:10)
  8 basilisks
  19 humans (D:13)
  4 vampire mosquitoes
  6 minotaur simulacra (IceCv)
  2 harpy simulacra (IceCv)
  7 wargs
  9 swamp worms
  2 hydra simulacra (IceCv)
  3 hell hounds (D:12)
  2 acid dragons
  22 water moccasins
  A meliai simulacrum (D:15)
  17 orc warriors
  2 swamp drakes (Swamp:2)
  An ettin simulacrum (IceCv)
  4 boggarts (Lair:6)
  5 ice beasts
  2 sky beasts
  4 black bears
  7 necrophages
  18 ogres
  26 wolves
  3 centaurs
  4 kobold brigands
  A wyvern zombie (D:5)
  11 bullfrogs
  2 gnoll sergeants
  7 deep troll simulacra (IceCv)
  4 scorpions
  A lindwurm simulacrum (IceCv)
  A troll zombie (Swamp:3)
  4 killer bees (D:9)
  2 spriggan zombies (Swamp:3)
  12 wights
  3 electric eels
  7 howler monkeys
  A bullfrog zombie (D:6)
  12 orc priests
  11 centaur zombies
  2 hounds
  A bullfrog skeleton (D:5)
  3 jellies (Lair:5)
  4 iguanas
  5 hell rats (Lair:2)
  21 orc wizards
  13 gnolls
  A howler monkey skeleton (D:5)
  8 adders
  2 white imps
  4 ufetubi
  A worm (D:3)
  6 dart slugs
  55 orcs
  12 ball pythons
  13 endoplasms
  A giant cockroach (D:1)
  3 goblins
  6 hobgoblins
  15 jackals
  27 kobolds
  4 quokkas
  4 bats
  3 frilled lizards
  5 rats
  3 pillars of salt (Desolation)
1143 creatures vanquished.

Vanquished Creatures (collateral kills)
  An ettin simulacrum (IceCv)
1 creature vanquished.

Vanquished Creatures (others)
  A fire crab (Lair:5)
  A wolf spider (Spider:2)
  An elephant (Lair:5)
  A guardian serpent (Desolation)
  5 bloated husks
  2 slime creatures (D:12)
  A water moccasin (Lair:5)
  An orc (D:11)
  5 briar patches (Swamp:3)
  2 bushes (Lair:6)
  26 foxfires
  50 fungi
  55 plants
  11 withered plants
162 creatures vanquished.

Grand Total: 1306 creatures vanquished

Table legend: (Time is in decaauts)
 A = Elapsed time spent in this place.
 B = Non-inter-level travel time spent in this place.
 C = Inter-level travel time spent in this place.
 D = Time resting spent in this place.
 E = Time spent auto-exploring this place.
 F = Levels seen in this place.
 G = Mean time per level.
                   A        B        C        D        E       F      G
               +--------+--------+--------+--------+--------+-----+--------+
         Total |  56913 |  53946 |   2967 |  21652 |  24760 |  35 | 1626.1 |
       Dungeon |  22245 |  20864 |   1381 |   5405 |  12568 |  15 | 1483.0 |
        Temple |    215 |    202 |     13 |     84 |     96 |   1 |  215.0 |
          Lair |  12580 |  11607 |    973 |   4093 |   6016 |   6 | 2096.7 |
         Swamp |   6659 |   6511 |    148 |   4554 |   1167 |   3 | 2219.7 |
   Spider Nest |   6898 |   6710 |    188 |   3428 |   2173 |   4 | 1724.5 |
  Orcish Mines |   2949 |   2727 |    222 |   1159 |   1135 |   2 | 1474.5 |
        Vaults |   2333 |   2293 |     40 |   1164 |    802 |   2 | 1166.5 |
      Ice Cave |   2243 |   2243 |      0 |   1160 |    801 |   1 | 2243.0 |
    Desolation |    788 |    788 |      0 |    602 |      0 |   1 |  788.0 |
               +--------+--------+--------+--------+--------+-----+--------+

Top non-repeatable levels by time:
    D:11: 3073 daAuts
Spider:4: 3024 daAuts
 Swamp:2: 2969 daAuts
  Lair:6: 2712 daAuts
    D:10: 2607 daAuts
  Lair:5: 2354 daAuts
Spider:2: 2327 daAuts
  Lair:4: 2301 daAuts
   IceCv: 2243 daAuts
  Lair:1: 2181 daAuts
Vaults:1: 2068 daAuts
 Swamp:1: 2041 daAuts
    D:12: 2038 daAuts
     D:6: 1862 daAuts
     D:2: 1651 daAuts

Table legend:
 A = Non-vault XP
 B = Vault XP
 C = Vault XP percentage of total XP
 D = Non-vault monster count
 E = Vault monster count
 F = Vault count percentage of total count
                 A         B        C        D         E       F
            +---------+---------+-------+---------+---------+-------
      Total |  207783 |  171264 |  45.2 |     732 |     412 |  36.0
            +---------+---------+-------+---------+---------+-------
        D:1 |      44 |       0 |   0.0 |      23 |       0 |   0.0
        D:2 |     101 |       8 |   7.3 |      23 |       4 |  14.8
        D:3 |      68 |       0 |   0.0 |      23 |       0 |   0.0
        D:4 |     163 |       0 |   0.0 |      13 |       0 |   0.0
        D:5 |     507 |       0 |   0.0 |      18 |       0 |   0.0
        D:6 |    1097 |     372 |  25.3 |      15 |       4 |  21.1
        D:7 |     724 |     313 |  30.2 |      18 |       3 |  14.3
        D:8 |     407 |       0 |   0.0 |      11 |       0 |   0.0
        D:9 |    1167 |       0 |   0.0 |      19 |       0 |   0.0
       D:10 |    2402 |    1264 |  34.5 |      20 |       2 |   9.1
       D:11 |    5995 |    9522 |  61.4 |      39 |      27 |  40.9
       D:12 |    7239 |    1906 |  20.8 |      26 |       5 |  16.1
       D:13 |    3809 |   12110 |  76.1 |      14 |      32 |  69.6
       D:14 |    6144 |       0 |   0.0 |      14 |       0 |   0.0
       D:15 |    6094 |    4352 |  41.7 |      12 |       5 |  29.4
     Lair:1 |    3768 |       0 |   0.0 |      17 |       0 |   0.0
     Lair:2 |    5209 |       0 |   0.0 |      30 |       0 |   0.0
     Lair:3 |    4833 |       0 |   0.0 |      14 |       0 |   0.0
     Lair:4 |    7303 |    6413 |  46.8 |      22 |      15 |  40.5
     Lair:5 |    9002 |     709 |   7.3 |      24 |       8 |  25.0
     Lair:6 |   15523 |    9554 |  38.1 |      44 |      49 |  52.7
    Swamp:1 |   17791 |       0 |   0.0 |      26 |       0 |   0.0
    Swamp:2 |    9020 |     146 |   1.6 |      18 |       1 |   5.3
    Swamp:3 |   11991 |   11721 |  49.4 |      17 |      27 |  61.4
   Spider:1 |    6956 |       0 |   0.0 |      16 |       0 |   0.0
   Spider:2 |   18173 |    3613 |  16.6 |      50 |       1 |   2.0
   Spider:3 |   12188 |    2135 |  14.9 |      35 |       1 |   2.8
   Spider:4 |    8379 |   37111 |  81.6 |      27 |      65 |  70.7
      Orc:1 |    3268 |   10632 |  76.5 |      21 |      26 |  55.3
      Orc:2 |    4313 |   15639 |  78.4 |      38 |      37 |  49.3
   Vaults:1 |   26169 |   13315 |  33.7 |      35 |      21 |  37.5
   Vaults:2 |    7936 |       0 |   0.0 |      10 |       0 |   0.0
      IceCv |       0 |   12588 | 100.0 |       0 |      46 | 100.0
 Desolation |       0 |   17841 | 100.0 |       0 |      33 | 100.0
            +---------+---------+-------+---------+---------+-------
